 Dungeon Crawl Stone Soup version 0.23-a0-296-ga3b1b28 (webtiles) character file.

41 iamserjio the Sneak (level 3, 0/21 HPs)
             Began as an Octopode Enchanter on Oct 5, 2018.
             Slain by a kobold
             ... wielding a +0 short sword
              (4 damage)
             ... on level 2 of the Dungeon.
             The game lasted 00:03:35 (449 turns).

iamserjio the Sneak (Octopode Enchanter)             Turns: 449, Time: 00:03:35

Health: 0/21       AC:  1    Str:  7    XL:     3   Next: 52%
Magic:  6/6        EV: 13    Int: 18    God:
Gold:   65         SH:  0    Dex: 12    Spells: 3/6 levels left

rFire    . . .     SeeInvis .   a - +1 dagger
rCold    . . .     Gourm    .   (no shield)
rNeg     . . .     Faith    .   (helmet restricted)
rPois    .         Spirit   .   (no amulet)
rElec    .         Reflect  .   (no ring)
rCorr    .         Harm     .   (no ring)
MR       .....                  (no ring)
Stlth    ++++......             (no ring)
HPRegen  0.07/turn              (no ring)
MPRegen  0.10/turn              (no ring)
                                (no ring)
                                (no ring)

@: no status effects
A: almost no armour, stealthy swim, amphibious, 8 rings, constrict 8, camouflage
1, gelatinous body 1
a: no special abilities


You were on level 2 of the Dungeon.
You were not hungry.

You visited 1 branch of the dungeon, and saw 2 of its levels.

You collected 65 gold pieces.

Inventory:

Hand Weapons
 a - a +1 dagger (weapon)
Jewellery
 f - an uncursed ring of poison resistance {unknown}
Scrolls
 b - a scroll of blinking {unknown}
 e - a scroll of amnesia {unknown}
 h - 2 scrolls of fear {unknown}
 i - 3 scrolls of teleportation {unknown}
 j - a scroll of immolation {unknown}
Potions
 d - a potion of brilliance {unknown}
 g - a potion of cancellation {unknown}
 k - 2 potions of agility {unknown}
Comestibles
 c - 3 rations


   Skills:
 + Level 2.2 Short Blades
 - Level 2.0 Dodging
 + Level 5.0 Stealth
 - Level 2.0 Spellcasting
 - Level 3.0 Hexes
 - Level 1.0 Ice Magic


You had 3 spell levels left.
You knew the following spells:

 Your Spells              Type           Power        Failure   Level  Hunger
a - Corona                Hex            ##.....      5%          1    #......
b - Ensorcelled Hibernat  Hex/Ice        #.....       12%         2    ###....

Your spell library contained the following spells:

 Spells                   Type           Power        Failure   Level  Hunger
 Confuse                  Hex            ##......     16%         3    ###....
 Tukima's Dance           Hex            ##......     16%         3    ###....
 Dazzling Spray           Conj/Hex       #.....       28%         3    ###....


Dungeon Overview and Level Annotations

Branches:
Dungeon (2/15)

Altars:


Innate Abilities, Weirdness & Mutations

You cannot wear most types of armour.
You are very stealthy in the water. (Stealth+)
You are amphibious.
You can wear up to eight rings at the same time.
You can use your tentacles to constrict eight enemies at once.
Your skin changes colour to match your surroundings (Stealth+).
Your rubbery body absorbs attacks. (AC +1, EV +1)


Message History

You found a teleport trap!
Found 9 gold pieces.
You now have 65 gold pieces (gained 9).
Really walk into that teleport trap?
You enter a teleport trap!
The teleport trap disappears.
Your surroundings seem slightly different.
Found a scroll labeled XUDEAPPEGH.
Found a stone staircase leading down.
A kobold comes into view. It is wielding a short sword.
The kobold hits you with a short sword.
* * * LOW HITPOINT WARNING * * *
You closely miss the kobold. You grab the kobold. You constrict the kobold.
You hit the kobold.
You constrict the kobold, but do no damage.
The kobold hits you with a short sword.
* * * LOW HITPOINT WARNING * * *
You barely miss the kobold.
You constrict the kobold, but do no damage.
The kobold hits you with a short sword.
You die...

.........##.#####....
.........# ..##...#.#
.........# #.##.###.#
.........###.#..###.#
...............###..#
######...##.####..##
######...####.# #.###
###...?..### #.# ##.# #
.......@## ###.###..###
#######.K...............
#########.....####
#.....# # #.....# #
#.....# # #######


You could see a kobold.

Vanquished Creatures
  A worm (D:2)
  2 leopard geckos
  6 bats
  2 giant cockroaches
  2 goblins (D:1)
  5 hobgoblins
  3 jackals (D:1)
  5 kobolds
  5 rats
31 creatures vanquished.

Notes
Turn   | Place    | Note
-------+----------+-------------------------------------------
     0 | D:1      | iamserjio the Octopode Enchanter began the quest for the
                  | Orb.
     0 | D:1      | Reached XP level 1. HP: 11/11 MP: 3/3
    87 | D:2      | Reached XP level 2. HP: 11/17 MP: 5/5
    94 | D:2      | Learned a level 2 spell: Ensorcelled Hibernation
   243 | D:1      | Reached XP level 3. HP: 4/21 MP: 6/6
   318 | D:2      | Reached skill level 1 in Ice Magic
   375 | D:2      | Reached skill level 5 in Stealth
   449 | D:2      | Slain by a kobold

Vault maps used:
D:1:      dpeg_arrival_rhombi
D:2:      nicolae_tso_swordbearing_angel

Skill      XL: |  1  2  3 |
---------------+----------+-----
Short Blades   | 2 |  2.2
Ice Magic      | 1 |  1.0
Stealth        | 5 |  5.0
Dodging        | |  2.0
Spellcasting   | |  2.0
Hexes          | |  3.0

Action                   || total
-------------------------++-------
Melee: Dagger            ||    72
       Constrict         ||    22
       Tentacles         ||     9
 Cast: Ensorcelled Hiber ||     4
 Stab: Sleeping          ||     7
Armor: Skin              ||     5
Dodge: Dodged            ||    48

Table legend:
 A = Non-vault XP
 B = Vault XP
 C = Vault XP percentage of total XP
 D = Non-vault monster count
 E = Vault monster count
 F = Vault count percentage of total count
                 A         B        C        D         E       F
            +---------+---------+-------+---------+---------+-------
      Total |      59 |       0 |   0.0 |      31 |       0 |   0.0
            +---------+---------+-------+---------+---------+-------
        D:1 |      34 |       0 |   0.0 |      19 |       0 |   0.0
        D:2 |      25 |       0 |   0.0 |      12 |       0 |   0.0
            +---------+---------+-------+---------+---------+-------
